 Dungeon Crawl Stone Soup version 0.26-a0-812-g31a745ddcd (webtiles) character file.

Game seed: 1554678791337518596

35 kae the Insei (level 3, -1/20 HPs)
             Began as a Tengu Transmuter on Nov 18, 2020.
             Slain by an adder (4 damage)
             ... on level 1 of the Dungeon.
             The game lasted 00:00:42 (1341 turns).

kae the Insei (Tengu Transmuter)                    Turns: 1341, Time: 00:00:42

Health: -1/20      AC:  2    Str: 11    XL:     3   Next: 33%
Magic:  7/7        EV: 12    Int: 13    God:
Gold:   46         SH:  0    Dex: 14    Spells: 2/6 levels left

rFire    . . .     SeeInvis .     - Unarmed
rCold    . . .     Faith    .   (no shield)
rNeg     . . .     Spirit   .   a - +0 robe
rPois    .         Reflect  .   (helmet restricted)
rElec    .         Harm     .   (no cloak)
rCorr    .         Rampage  .   (no gloves)
MR       .....                  (boots unavailable)
Stlth    +.........             (no amulet)
HPRegen  0.06/turn              (no ring)
MPRegen  0.10/turn              (no ring)

@: lethally poisoned (-1 -> -9)
A: beak, talons 3
a: no special abilities


You were on level 1 of the Dungeon.
You visited 1 branch of the dungeon, and saw 2 of its levels.

You collected 46 gold pieces.

Inventory:

Armour
 a - a +0 robe (worn)
Jewellery
 d - a cursed -4 ring of protection {unknown}
Scrolls
 b - a scroll of remove curse {unknown}
 c - a scroll of identify {unknown}
 f - a scroll of magic mapping {unknown}
Potions
 g - a potion of magic {unknown}


   Skills:
 - Level 1.0 Fighting
 - Level 2.1 Dodging
 + Level 3.7 Unarmed Combat
 + Level 2.3 Spellcasting
 * Level 2.3 Transmutations
 * Level 0.4 Poison Magic


You had 2 spell levels left.
You knew the following spells:

 Your Spells              Type           Power        Failure   Level
a - Beastly Appendage     Tmut           #.....       10%         1
b - Spider Form           Tmut/Pois      #.........   38%         3

Your spell library contained the following spells:

 Spells                   Type           Power        Failure   Level
 Wereblood                Tmut           #.......     14%         2
 Ice Form                 Ice/Tmut       #.......     83%         4
 Blade Hands              Tmut           #.........   95%         5


Dungeon Overview and Level Annotations

Branches:
Dungeon (2/15)

Altars:


Innate Abilities, Weirdness & Mutations

You have a beak for a mouth.
You have claws for feet.


Message History

The adder is almost dead.
You feel sick. The ooze closely misses you. The adder bites you.
You are lethally poisoned!
The adder poisons you!
You are too injured to fight recklessly!
You are too injured to fight recklessly!
You are too injured to fight recklessly!
You are too injured to fight recklessly!
Your transformation is almost over.
The adder barely misses you. The ooze hits you.
* * * LOW HITPOINT WARNING * * *
* * * LOW HITPOINT WARNING * * *
You feel sick. The adder bites you but does no damage.
It was a potion of cancellation.
Your magical effects are unravelling.
You feel magically purged.
Your horns disappear.
* * * LOW HITPOINT WARNING * * *
You feel sick. The adder bites you.
You die...

#.# #.#####.############## #.#
#.#...#.############## #.#
#.#...............)...
########.###.###.#.#############.
.............#.#.#.# #.......
########.....#.#.#.##### ##.##.#.
########.....#..J......# #.##.#.
#............#.#S#..#..# #.##.#.
#.........##.#.#@#..#..####)##.#.
#............#.#.##.#..#.)...#.#.
########.....#..........)....#.#.
# #..........#...#...(..#.#. #
#..........#...#......#.#. #
#......................... #
#..........#...##.....#...
########..)..#######(.##.##.####.
#.........##..........##..#.# #.


You could see an ooze and an adder.

Vanquished Creatures
  An ooze (D:1)
  6 giant cockroaches (D:1)
  2 goblins (D:1)
  8 hobgoblins (D:1)
  2 kobolds (D:1)
  A ball python (D:1)
  A bat (D:1)
  3 frilled lizards (D:1)
  3 rats (D:1)
27 creatures vanquished.

Notes
Turn   | Place    | Note
-------+----------+-------------------------------------------
     0 | D:1      | kae the Tengu Transmuter began the quest for the Orb.
     0 | D:1      | Reached XP level 1. HP: 12/12 MP: 4/4
   177 | D:1      | Reached XP level 2. HP: 10/16 MP: 4/6
   730 | D:1      | Reached XP level 3. HP: 20/20 MP: 5/7
   735 | D:1      | Learned a level 3 spell: Spider Form
  1341 | D:1      | Slain by an adder

Illustrated notes

Levels and vault maps discovered:
D:1:      erik_arrival_orb_chamber, layout_basic
D:2:      layout_rooms

Skill      XL: |  1 |
---------------+----+-----
Transmutations | 2 |  2.3
Fighting       | |  1.0
Dodging        | |  2.1
Unarmed Combat | |  3.7
Spellcasting   | |  2.3
Poison Magic   | |  0.4

Action                   || total
-------------------------++-------
Melee: Unarmed           ||    60
       Headbutt          ||     6
       Kick              ||    12
       Peck              ||     6
 Cast: Beastly Appendage ||    18
  Use: Potion            ||     1
Armor: Robe              ||     9
Dodge: Dodged            ||    40

Table legend: (Time is in decaauts)
 A = Elapsed time spent in this place.
 B = Non-inter-level travel time spent in this place.
 C = Inter-level travel time spent in this place.
 D = Time resting spent in this place.
 E = Time spent auto-exploring this place.
 F = Levels seen in this place.
 G = Mean time per level.
                   A        B        C        D        E       F      G
               +--------+--------+--------+--------+--------+-----+--------+
         Total |   1337 |   1309 |     28 |      0 |   1127 |   2 |  668.5 |
       Dungeon |   1337 |   1309 |     28 |      0 |   1127 |   2 |  668.5 |
               +--------+--------+--------+--------+--------+-----+--------+

Top non-repeatable levels by time:
     D:1: 1329 daAuts
     D:2: 7 daAuts
